 Dungeon Crawl Stone Soup version 0.23-a0-643-g9ccc95a (webtiles) character file.

274 MalarOregon the Insei (level 6, -2/47 HPs)
             Began as a Merfolk Transmuter on Jan 1, 2019.
             Slain by an orc
             ... wielding a +0 trident
              (7 damage)
             ... on level 4 of the Dungeon.
             The game lasted 00:04:30 (3269 turns).

MalarOregon the Insei (Merfolk Transmuter)          Turns: 3269, Time: 00:04:31

Health: -2/47      AC:  5    Str: 10    XL:     6   Next: 24%
Magic:  5/10       EV: 14    Int: 15    God:
Gold:   146        SH:  0    Dex: 14    Spells: 5/11 levels left

rFire    . . .     SeeInvis .     - Unarmed
rCold    . . .     Gourm    .   (no shield)
rNeg     . . .     Faith    .   b - +0 robe
rPois    .         Spirit   .   l - +0 helmet (curse)
rElec    .         Reflect  .   (no cloak)
rCorr    .         Harm     .   p - +1 pair of gloves
MR       .....                  (no boots)
Stlth    +.........             (no amulet)
HPRegen  0.15/turn              g - ring of wizardry
MPRegen  0.12/turn              (no ring)

@: no status effects
A: change form in water, swift swim, stealthy swim
a: no special abilities


You were on level 4 of the Dungeon.
You were hungry.

You visited 1 branch of the dungeon, and saw 4 of its levels.
You also visited: Sewer.

You collected 146 gold pieces.

Inventory:

Missiles
 a - 35 arrows
Armour
 b - a +0 robe (worn)
 c - a +0 shield
   (You found it in a sewer)
 d - a +1 crystal plate armour
   (You found it in a sewer)
 l - a cursed +0 helmet (worn)
   (You found it on level 1 of the Dungeon)
 p - a +1 pair of gloves (worn)
   (You found it on level 2 of the Dungeon)
Jewellery
 g - a ring of wizardry (left hand)
   (You found it on level 1 of the Dungeon)
 h - an uncursed amulet of rage {unknown}
   (You found it on level 2 of the Dungeon)
Scrolls
 f - a scroll of enchant armour {unknown}
 j - a scroll of teleportation {@r4}
 k - a scroll of blinking
 m - 2 scrolls of identify {@r1}
 s - a scroll of fear
Potions
 i - 2 potions of curing {@q1}
 n - a potion of resistance
 o - 3 potions of invisibility
 r - 2 potions of magic {unknown}
Comestibles
 e - 5 rations {!d}
 q - a chunk of flesh


   Skills:
 + Level 3.0 Fighting
 + Level 4.3 Dodging
 + Level 4.4 Unarmed Combat
 + Level 3.1 Spellcasting
 + Level 4.4 Transmutations


You had 5 spell levels left.
You knew the following spells:

 Your Spells              Type           Power        Failure   Level  Hunger
a - Beastly Appendage     Tmut           ###...       1%          1    #......
s - Sticks to Snakes      Tmut           ###.....     1%          2    ##.....
x - Spider Form           Tmut/Pois      #.........   10%         3    ###....

Your spell library contained the following spells:

 Spells                   Type           Power        Failure   Level  Hunger
 Ice Form                 Ice/Tmut       #.......     30%         4    #####..
 Blade Hands              Tmut           ###.......   32%         5    ######.


Dungeon Overview and Level Annotations

Branches:
Dungeon (4/15)
 Temple: D:4-7

Altars:
Elyvilon
Vehumet


Message History

You hit the hound.
The hound looks as sick as possible!
The hound closely misses you. The orc completely misses you.
The hound skeleton completely misses you.
An orc comes into view. It is wielding a +0 dagger.
You barely miss the hound. The hound closely misses you.
The hound skeleton closely misses you. The orc completely misses you.
The hound misses you.
You hit the hound but do no damage. The hound skeleton barely misses you.
The hound misses you. The orc closely misses you.
The hound skeleton completely misses you.
You bite the hound skeleton!
Your transformation is almost over.
The hound misses you. The hound skeleton closely misses you.
The orc barely misses you.
You hit the hound skeleton. The hound completely misses you.
The hound skeleton completely misses you.
The hound completely misses you.
The orc hits you from afar with a +0 trident.
* * * LOW HITPOINT WARNING * * *
You bite the hound!
You kill the hound!
The hound skeleton misses you.
Unknown command.
You bite the hound skeleton!
The hound skeleton completely misses you.
The orc misses you.
The hound skeleton completely misses you.
You hit the hound skeleton but do no damage.
The orc misses you. The hound skeleton misses you.
You bite the hound skeleton!
You destroy the hound skeleton!
Your Fighting skill increases to level 3!
The orc completely misses you. x2
You barely miss the orc. The orc barely misses you.
The orc completely misses you.
You bite the orc!
You kill the orc!
The orc hits you from afar with a +0 trident.
* * * LOW HITPOINT WARNING * * *
The orc hits you with a +0 trident.
* * * LOW HITPOINT WARNING * * *
Things that are here:
a +0 dagger; an orc corpse You closely miss the orc.
You hit the orc.
Your transformation has ended.
Your cursed +0 helmet unmelds from your body.
Your +1 pair of gloves unmelds from your body.
Your +0 robe unmelds from your body.
The orc hits you with a +0 trident!
You die...

...##.#.......#
...#.....#..#.# ..###..
<........##.#.# .......
.#.###..###..## .......
...###.<# #..####.......
........# .............
........# ##..##...$...
...###..####....).......
#...##......#...@o......
........../.†...##......
...#............# .....
...#...(................
..............##.... ...
.............## ##... ##
.......###....# (..
....... ....... ..
...### ........


You could see an orc.

Vanquished Creatures
  A hound (D:4)
  2 orc priests (D:4)
  A worker ant (D:4)
  A hound skeleton (D:4)
  7 adders
  An ooze (D:3)
  2 worms
  A dart slug (D:2)
  7 leopard geckos
  An orc (D:4)
  8 giant cockroaches
  8 goblins
  3 hobgoblins
  2 jackals (D:1)
  A quokka (D:3)
  4 ball pythons
  3 bats
  11 frilled lizards
  4 kobolds
  7 rats
75 creatures vanquished.

Vanquished Creatures (others)
  A rat (D:2)
1 creature vanquished.

Grand Total: 76 creatures vanquished

Notes
Turn   | Place    | Note
-------+----------+-------------------------------------------
     0 | D:1      | MalarOregon the Merfolk Transmuter began the quest for the
                  | Orb.
     0 | D:1      | Reached XP level 1. HP: 15/15 MP: 3/3
   504 | D:1      | Reached XP level 2. HP: 21/21 MP: 5/5
   675 | D:2      | Found a white marble altar of Elyvilon.
   709 | D:2      | Found a radiant altar of Vehumet.
   901 | D:2      | Reached XP level 3. HP: 17/27 MP: 6/6
  1833 | D:2      | Learned a level 2 spell: Sticks to Snakes
  1837 | D:2      | Learned a level 3 spell: Spider Form
  2031 | D:3      | Reached XP level 4. HP: 33/33 MP: 3/7
  2115 | D:3      | Found a glowing drain.
  2145 | Sewer    | Entered a sewer
  2832 | D:3      | Reached XP level 5. HP: 38/38 MP: 9/9
  3251 | D:4      | Reached XP level 6. HP: 24/46 MP: 6/10
  3269 | D:4      | Slain by an orc

Vault maps used:
D:1:      saegor_arrival_simple_b, chequers_serial_rivers_room_a
D:2:      fiery_altar_vehumet, nicolae_overflow_crystal_walls
D:3:      gup_sewer_entry_glass, first_ration, skrybe_limestone_x,
          chequers_arboretum
Sewer:    sewer_frog_island_01

Skill      XL: |  1  2  3  4  5  6 |
---------------+-------------------+-----
Transmutations | 3 4 |  4.4
Dodging        | 3 4 |  4.3
Fighting       | 2 3 |  3.0
Unarmed Combat | 4 |  4.4
Spellcasting   | 3 |  3.1

Action                   |  1- 3 |  4- 6 || total
-------------------------+-------+-------++-------
Melee: Unarmed           |   103 |   187 ||   290
       Headbutt          |    10 |       ||    10
       Punch             |     1 |       ||     1
       Tailslap          |       |     4 ||     4
 Cast: Beastly Appendage |    13 |       ||    13
       Spider Form       |     1 |     6 ||     7
  Use: Scroll            |       |     8 ||     8
 Stab: Sleeping          |     1 |     1 ||     2
       Distracted        |       |     1 ||     1
  Eat: Chunk             |     3 |     5 ||     8
Armor: Robe              |     9 |    30 ||    39
       Skin              |     1 |     1 ||     2
Dodge: Dodged            |    78 |   202 ||   280

Table legend:
 A = Non-vault XP
 B = Vault XP
 C = Vault XP percentage of total XP
 D = Non-vault monster count
 E = Vault monster count
 F = Vault count percentage of total count
                 A         B        C        D         E       F
            +---------+---------+-------+---------+---------+-------
      Total |     344 |      48 |  12.2 |      56 |      19 |  25.3
            +---------+---------+-------+---------+---------+-------
        D:1 |      11 |       0 |   0.0 |       8 |       0 |   0.0
        D:2 |      64 |       0 |   0.0 |      22 |       0 |   0.0
        D:3 |      57 |      15 |  20.8 |      16 |       2 |  11.1
        D:4 |     212 |       0 |   0.0 |      10 |       0 |   0.0
      Sewer |       0 |      33 | 100.0 |       0 |      17 | 100.0
            +---------+---------+-------+---------+---------+-------
